 Dungeon Crawl Stone Soup version 0.30.2 (webtiles) character file.

Game seed: 7373091460859486635

86 Ashen the Magician (level 4, -8/32 HPs)
             Began as a Djinni Ice Elementalist on Jan 24, 2024.
             Mangled by Crazy Yiuf
             ... wielding a +3 quarterstaff of chaos
              (20 damage)
             ... on level 2 of the Dungeon.
             The game lasted 00:04:26 (1995 turns).

Ashen the Magician (Djinni Ice Elementalist)        Turns: 1995, Time: 00:04:27

Health: -8/32      AC:  2    Str:  7    XL:     4   Next: 77%
Gold:   49         EV: 12    Int: 19    God:
                   SH:  0    Dex: 13

rFire   + + .        (no weapon)
rCold   x . .        (no shield)
rNeg    . . .        a - +0 robe
rPois   ∞            (no helmet)
rElec   .            (no cloak)
rCorr   .            (no gloves)
SInv    .            (boots unavailable)
Will    .....        (no amulet)
Stlth   ++           (no ring)
HPRegen 0.25/turn    (no ring)
MPRegen 0.00/turn

%: infuse magic (-9 HP)
@: freezing walls, flying
A: sickness immunity, fire resistance 2, cold vulnerability 1, float, innate
caster, HP casting, extra vitality 1
a: no special abilities


You were on level 2 of the Dungeon.
You visited 1 branch of the dungeon, and saw 2 of its levels.

You collected 49 gold pieces.

Inventory:

Armour
 a - a +0 robe (worn)
Jewellery
 g - a ring of fire
Scrolls
 b - a scroll of enchant weapon {unknown}
 e - a scroll of poison {unknown}
 h - 2 scrolls of identify {unknown}
 j - a scroll of vulnerability {unknown}
Potions
 c - 2 potions of lignification {unknown}
 d - 2 potions of curing {unknown}
 f - a potion of cancellation {unknown}
 i - 2 potions of heal wounds {unknown}


   Skills:
 + Level 1.6 Fighting
 + Level 3.0 Dodging
 + Level 2.2 Stealth
 * Level 3.8 Spellcasting


You knew the following spells:

 Your Spells              Type           Power      Damage    Failure   Level
a - Freeze                Ice            72%        1d8       3%          1
b - Frozen Ramparts       Ice            36%        1d6       9%          3
c - Ozocubu's Armour      Ice            18%        N/A       9%          3
d - Summon Ice Beast      Ice/Summ       18%        N/A       28%         4
e - Magic Dart            Conj           72%        1d6       3%          1
Your spell library was empty.

Dungeon Overview and Level Annotations

Branches:
Dungeon (2/15)

Altars:

Annotations:
D:2 Crazy Yiuf


Innate Abilities, Weirdness & Mutations

You are immune to sickness and miasma.
You are immune to poison.
Your flesh is very heat resistant. (rF++)
You are vulnerable to cold. (rC-)
You float through the air rather than walking.
You learn spells naturally, not from books.
Your magical power is your life essence.
You have superior vitality. (+4 MHP)


Message History

Crazy Yiuf shouts!
Your magical contamination has completely faded away.
Things that are here:
a +0 club; a +0 robe; the human skeleton of Jessica
Things that are here:
a +0 club; a +0 robe; the human skeleton of Jessica Crazy Yiuf yells, "Citrus snockshim testudinal!"
As you open the door, it creaks loudly!
Crazy Yiuf drinks a potion.
Crazy Yiuf seems to speed up.
Casting: Freeze (safe; 3% risk of failure)
Confirm with . or Enter, or press ? or * to list all spells.
The spell is quite dangerous to miscast (9% risk of failure)!
Continue anyway?
Casting: Frozen Ramparts (quite dangerous; 9% risk of failure)
Press: ? - help, Dir - look around, f - activate The walls around you are covered in ice.
The wall freezes Crazy Yiuf.
Casting: Frozen Ramparts (quite dangerous; 9% risk of failure)
Confirm with . or Enter, or press ? or * to list all spells.
Aiming: Freeze (safe; 3% risk of failure)
Press: ? - help, Shift-Dir - straight line, f - Crazy Yiuf
Aim: Crazy Yiuf, wielding a +3 quarterstaff of chaos and wearing a +0 cloak (lightly wounded, fast)
You freeze Crazy Yiuf.
Crazy Yiuf is moderately wounded.
The wall freezes Crazy Yiuf but does no damage.
Crazy Yiuf barely misses you.
The wall freezes Crazy Yiuf but does no damage.
Crazy Yiuf says, "Whippet sing-song snail!"
Crazy Yiuf hits you with a +3 quarterstaff of chaos.
Casting: Freeze (safe; 3% risk of failure)
Confirm with . or Enter, or press ? or * to list all spells.
Aiming: Freeze (safe; 3% risk of failure)
Press: ? - help, Shift-Dir - straight line, f/p - Crazy Yiuf
Aim: Crazy Yiuf, wielding a +3 quarterstaff of chaos and wearing a +0 cloak (moderately wounded, fast)
You freeze Crazy Yiuf!
Crazy Yiuf is severely wounded.
The wall freezes Crazy Yiuf.
Crazy Yiuf hits you with a +3 quarterstaff of chaos!
You are electrocuted!!
Ouch! That really hurt!
You die...

#...#.#................
############...........
#.....#.#.#. #####
#.....#.#.#. #)..#
#.....#.#.#. #######
#...# #.......#.#.
#.(...# ...
#.........#. #.#####
#g# #.......#### #.#
♣@♣♣ #.......#### #.#
♣♣.♣ #.......#... #.#
♣.♣♣ #.....#.#.#. #.#
♣♣.♣ #.......#.#. #.#
♣♣.♣♣ #.....#.#.#. #.#
♣♣...♣ #.....###.## #.#
♣....♣ #.........##
#.##### #....#
#......##### #.##..#
#+..+# #...........


You could see Crazy Yiuf (fast).

Vanquished Creatures
  Jessica (D:2)
  An adder (D:2)
  A worm (D:2)
  3 dart slugs
  5 ball pythons
  2 endoplasms
  A giant cockroach (D:1)
  5 hobgoblins
  2 kobolds (D:2)
  3 quokkas
  7 bats
  A frilled lizard (D:1)
  3 goblins (D:1)
  6 rats
41 creatures vanquished.

Notes
Turn   | Place    | Note
-------+----------+-------------------------------------------
     0 | D:1      | Ashen the Djinni Ice Elementalist began the quest for the
                  | Orb.
     0 | D:1      | Ashen set off with the following spells memorised: Freeze,
                  | Frozen Ramparts, Ozocubu's Armour, Summon Ice Beast.
     0 | D:1      | Reached XP level 1. HP: 15/15 MP: 0/0
   185 | D:1      | Reached XP level 2. HP: 20/22 MP: 0/0
   483 | D:1      | Reached skill level 1 in Fighting
   483 | D:1      | Reached XP level 3. HP: 25/27 MP: 0/0
   483 | D:1      | Learned a level 1 spell: Magic Dart
   630 | D:1      | Found a faded altar of an unknown god.
  1355 | D:2      | Reached XP level 4. HP: 22/32 MP: 0/0
  1632 | D:2      | Noticed Jessica
  1644 | D:2      | Killed Jessica
  1819 | D:2      | Found a runed translucent door.
  1820 | D:2      | Noticed Crazy Yiuf
  1995 | D:2      | Mangled by Crazy Yiuf

Illustrated notes

Levels and vault maps discovered:
D:1:      zaba_arrival_water, layout_loops_ring,
          hellmonk_ecumenical_altar_defaced_shrine
D:2:      layout_basic, uniq_crazy_yiuf_cottage, uniq_jessica

Skill      XL: |  1  2  3  4 |
---------------+-------------+-----
Fighting       | 1 |  1.6
Stealth        | 2 |  2.2
Dodging        | 3 |  3.0
Spellcasting   | |  3.8

Action                     |  1- 3 |  4- 6 || total
---------------------------+-------+-------++-------
  Melee: Unarmed           |    10 |     1 ||    11
   Cast: Freeze            |    72 |    12 ||    84
         Frozen Ramparts   |       |     1 ||     1
   Stab: Sleeping          |     1 |       ||     1
 Armour: Robe              |    12 |     1 ||    13
  Dodge: Dodged            |    44 |     7 ||    51
